[ AOE2 MATCH · #468926664 ]
Team EWEthiopians vs Wei
[ REPLAY ANALYSIS · EXTRACTED FROM THE RECORDED GAME ]
Feudal
—
Castle
—
Imperial
—
| APM avg | 28.4 |
| APM peak | 95 |
| eAPM avg | 16.6 |
| Villagers / military | 19 / 20 |
Focus
⚔️ 45.2% · 🌾 54.8%
Archer ×18 · Skirmisher ×2
Feudal
—
Castle
—
Imperial
—
| APM avg | 31.6 |
| APM peak | 43 |
| eAPM avg | 19.5 |
| Villagers / military | 17 / 32 |
Focus
⚔️ 42.5% · 🌾 57.5%
Militia ×26 · Spearman ×6
Feudal
—
Castle
—
Imperial
—
| APM avg | 15.2 |
| APM peak | 34 |
| eAPM avg | 7.1 |
| Villagers / military | 29 / 6 |
Focus
⚔️ 25.5% · 🌾 74.5%
Scout Cavalry ×6
Feudal
—
Castle
9:09
Imperial
—
| APM avg | 7.9 |
| APM peak | 18 |
| eAPM avg | 7.2 |
| Villagers / military | 12 / 0 |
Focus
⚔️ 3.8% · 🌾 96.2%
Feudal
—
Castle
7:42
Imperial
—
| APM avg | 28.5 |
| APM peak | 41 |
| eAPM avg | 15.9 |
| Villagers / military | 24 / 3 |
Focus
⚔️ 22.9% · 🌾 77.1%
Archer ×3
Feudal
—
Castle
—
Imperial
—
| APM avg | 15.9 |
| APM peak | 60 |
| eAPM avg | 7.6 |
| Villagers / military | 10 / 19 |
Focus
⚔️ 62.5% · 🌾 37.5%
Archer ×14 · Scout Cavalry ×5
Match map
Initial resources + every placement click. Lines = walls · curves = elevation contours. ◆ gold · ⬟ stone · ● berries · ✦ relic · ◌ wall gap
Your base· Open — 3t gap
pacalao55's base· Open — 4t gap
pajw734's base· Open — unwalled flank
friend's base· Open — 4t gap
阿根廷彭于晏's base· ✓ Closed at 7:42 · 8t walls · 2 gate(s)
WES's base
Smoothed initial terrain · ◌ = detected wall gap · hover for details
Inputs per minute
— almittas - - pacalao55
Build order — almittas
78 actions detected in the replay
| 0:02 | Create | Villager (Male) |
| 0:02 | Create | Villager (Male) |
| 0:10 | Research | Double-Bit Axe |
| 0:45 | Build | Archery Range |
| 0:51 | Create | Villager (Male) |
| 0:56 | Create | Villager (Male) |
| 1:22 | Build | Archery Range |
| 1:30 | Build | House |
| 1:34 | Create | Villager (Male) |
| 1:38 | Research | Gold Mining |
| 1:53 | Build | House |
| 1:56 | Build | House |
| 2:02 | Create | Archer |
| 2:02 | Create | Archer |
| 2:07 | Create | Archer |
| 2:07 | Create | Archer |
| 2:09 | Create | Villager (Male) |
| 2:12 | Create | Villager (Male) |
| 2:21 | Build | House |
| 2:23 | Create | Villager (Male) |
| 2:37 | Create | Archer |
| 2:39 | Create | Archer |
| 2:40 | Create | Archer |
| 2:47 | Research | Horse Collar |
| 2:53 | Build | House |
| 3:00 | Build | Farm |
| 3:01 | Build | Farm |
| 3:08 | Build | Farm |
| 3:12 | Build | Farm |
| 3:17 | Create | Villager (Male) |
| 3:21 | Build | Farm |
| 3:26 | Create | Archer |
| 3:28 | Create | Archer |
| 3:28 | Create | Archer |
| 3:40 | Create | Villager (Male) |
| 3:46 | Build | Farm |
| 3:49 | Build | Farm |
| 3:53 | Research | Fletching |
| 3:54 | Research | Padded Archer Armor |
| 3:57 | Create | Archer |
| 3:57 | Create | Archer |
| 4:00 | Create | Archer |
| 4:08 | Create | Archer |
| 4:13 | Create | Villager (Male) |
| 4:16 | Build | Farm |
| 4:18 | Create | Villager (Male) |
| 4:28 | Create | Villager (Male) |
| 4:42 | Build | Mill |
| 4:49 | Build | House |
| 5:00 | Create | Archer |
| 5:03 | Research | Forging |
| 5:12 | Create | Villager (Male) |
| 5:13 | Create | Villager (Male) |
| 5:32 | Build | Palisade Gate |
| 5:37 | Build | Palisade Wall |
| 6:12 | Create | Villager (Male) |
| 6:20 | Create | Villager (Male) |
| 6:28 | Build | Farm |
| 6:46 | Create | Villager (Male) |
| 7:28 | Build | Archery Range |
| 7:42 | Research | Castle Age |
| 7:42 | Research | Castle Age |
| 8:01 | Create | Archer |
| 8:02 | Create | Archer |
| 8:03 | Create | Archer |
| 8:03 | Create | Skirmisher |
| 8:04 | Create | Skirmisher |
| 8:11 | Create | Villager (Male) |
| 9:01 | Build | House |
| 9:03 | Build | House |
| 9:04 | Build | House |
| 9:04 | Build | House |
| 9:05 | Build | House |
| 9:07 | Build | House |
| 9:11 | Build | House |
| 9:12 | Build | House |
| 9:13 | Build | House |
| 9:15 | Build | House |
Build order — pacalao55
79 actions detected in the replay
| 0:02 | Create | Villager (Male) |
| 0:02 | Create | Villager (Male) |
| 0:07 | Research | Double-Bit Axe |
| 0:35 | Build | Barracks |
| 0:41 | Research | Man-at-Arms (upgrade) |
| 1:09 | Build | House |
| 1:14 | Create | Militia |
| 1:14 | Create | Militia |
| 1:23 | Create | Villager (Male) |
| 1:32 | Build | House |
| 1:37 | Build | Palisade Wall |
| 1:40 | Build | Palisade Gate |
| 1:42 | Create | Villager (Male) |
| 1:46 | Build | House |
| 1:52 | Create | Militia |
| 1:57 | Build | Mill |
| 2:09 | Create | Militia |
| 2:11 | Create | Militia |
| 2:17 | Create | Villager (Male) |
| 2:26 | Build | House |
| 2:32 | Create | Militia |
| 2:32 | Create | Militia |
| 2:45 | Build | Palisade Wall |
| 2:48 | Build | Palisade Gate |
| 2:54 | Create | Militia |
| 2:54 | Create | Militia |
| 3:05 | Create | Villager (Male) |
| 3:06 | Create | Villager (Male) |
| 3:10 | Create | Militia |
| 3:19 | Build | House |
| 3:21 | Build | Palisade Wall |
| 3:24 | Build | Palisade Gate |
| 3:29 | Build | Mill |
| 3:38 | Create | Militia |
| 3:38 | Create | Militia |
| 3:46 | Create | Villager (Male) |
| 3:58 | Build | Palisade Gate |
| 4:14 | Research | Arson |
| 4:16 | Create | Militia |
| 4:17 | Create | Militia |
| 4:23 | Build | Barracks |
| 4:36 | Create | Militia |
| 4:37 | Create | Militia |
| 4:42 | Create | Villager (Male) |
| 4:46 | Build | House |
| 4:47 | Build | House |
| 4:59 | Create | Villager (Male) |
| 5:21 | Research | Forging |
| 5:27 | Create | Militia |
| 5:27 | Create | Militia |
| 5:28 | Create | Militia |
| 5:32 | Build | Mill |
| 5:57 | Create | Spearman |
| 5:58 | Create | Spearman |
| 5:58 | Create | Spearman |
| 6:11 | Create | Villager (Male) |
| 6:11 | Create | Villager (Male) |
| 6:35 | Create | Villager (Male) |
| 6:35 | Create | Villager (Male) |
| 6:39 | Build | House |
| 6:40 | Build | House |
| 6:55 | Create | Militia |
| 6:56 | Create | Militia |
| 6:56 | Create | Militia |
| 7:05 | Create | Villager (Male) |
| 7:13 | Build | Market |
| 7:37 | Create | Militia |
| 7:37 | Create | Militia |
| 7:38 | Create | Militia |
| 7:38 | Create | Militia |
| 7:40 | Create | Villager (Male) |
| 7:40 | Create | Villager (Male) |
| 8:37 | Build | House |
| 9:07 | Build | House |
| 9:09 | Research | Castle Age |
| 9:14 | Build | Outpost |
| 9:45 | Create | Spearman |
| 9:45 | Create | Spearman |
| 9:46 | Create | Spearman |
Build order — pajw734
32 actions detected in the replay
| 0:08 | Research | Wheelbarrow |
| 0:47 | Research | Double-Bit Axe |
| 0:49 | Research | Town Watch |
| 1:25 | Create | Villager (Male) ×2 |
| 1:25 | Create | Villager (Male) ×2 |
| 1:39 | Build | Farm |
| 1:40 | Build | Farm |
| 1:41 | Build | Farm |
| 1:41 | Build | Farm |
| 1:44 | Create | Villager (Male) ×2 |
| 1:57 | Build | Market |
| 2:08 | Build | Mill |
| 2:12 | Create | Villager (Male) ×2 |
| 2:12 | Create | Villager (Male) ×2 |
| 2:46 | Research | Forging |
| 2:50 | Create | Villager (Male) |
| 3:13 | Research | Scale Barding Armor |
| 3:18 | Create | Villager (Male) |
| 3:39 | Build | Farm |
| 3:44 | Create | Villager (Male) ×4 |
| 3:58 | Build | Stable |
| 4:19 | Build | Mining Camp |
| 4:32 | Create | Villager (Male) ×4 |
| 4:32 | Create | Villager (Male) ×4 |
| 5:20 | Research | Bloodlines |
| 5:29 | Build | Stable |
| 6:09 | Create | Scout Cavalry |
| 6:09 | Create | Scout Cavalry |
| 6:09 | Create | Scout Cavalry |
| 6:28 | Create | Scout Cavalry ×3 |
| 7:45 | Create | Villager (Male) ×5 |
| 9:12 | Research | Castle Age |
Build order — friend
36 actions detected in the replay
| 0:06 | Research | Wheelbarrow |
| 0:44 | Create | Villager (Male) |
| 0:44 | Create | Villager (Male) |
| 0:44 | Create | Villager (Male) |
| 2:25 | Create | Villager (Male) |
| 2:25 | Create | Villager (Male) |
| 2:26 | Create | Villager (Male) |
| 2:26 | Create | Villager (Male) |
| 2:27 | Create | Villager (Male) |
| 3:02 | Research | Double-Bit Axe |
| 3:05 | Research | Gold Mining |
| 3:22 | Build | House |
| 3:25 | Build | House |
| 3:29 | Build | House |
| 3:33 | Build | House |
| 3:37 | Build | House |
| 3:39 | Build | House |
| 4:01 | Build | Mill |
| 4:25 | Research | Horse Collar |
| 4:34 | Create | Villager (Male) |
| 4:41 | Build | Mining Camp |
| 5:04 | Build | Farm |
| 5:07 | Create | Villager (Male) |
| 5:23 | Build | Market |
| 5:29 | Research | Town Watch |
| 5:38 | Build | Farm |
| 6:16 | Research | Arson |
| 6:24 | Build | House |
| 6:30 | Research | Castle Age |
| 6:38 | Build | Farm |
| 6:54 | Build | Farm |
| 7:11 | Research | Stone Mining |
| 9:00 | Create | Villager (Male) |
| 9:06 | Create | Villager (Male) |
| 9:09 | Age | Castle Age |
| 9:40 | Build | Town Center |
Build order — 阿根廷彭于晏
78 actions detected in the replay
| 0:06 | Create | Villager (Male) |
| 0:08 | Research | Double-Bit Axe |
| 0:08 | Research | Double-Bit Axe |
| 0:17 | Create | Villager (Male) |
| 0:17 | Create | Villager (Male) |
| 0:34 | Create | Villager (Male) |
| 0:40 | Build | House |
| 0:43 | Create | Villager (Male) |
| 0:49 | Build | Market |
| 0:50 | Create | Villager (Male) |
| 1:05 | Create | Villager (Male) |
| 1:15 | Build | House |
| 1:16 | Build | House |
| 1:25 | Build | Palisade Wall |
| 1:28 | Build | Palisade Wall |
| 1:32 | Build | Palisade Wall |
| 1:33 | Build | Palisade Gate |
| 1:37 | Create | Villager (Male) |
| 1:43 | Build | Archery Range |
| 1:46 | Build | House |
| 1:47 | Create | Villager (Male) |
| 1:50 | Create | Villager (Male) |
| 1:57 | Build | House |
| 2:05 | Create | Villager (Male) |
| 2:21 | Build | Palisade Wall |
| 2:22 | Create | Villager (Male) |
| 2:36 | Create | Villager (Male) |
| 2:41 | Build | Archery Range |
| 2:42 | Create | Villager (Male) |
| 3:00 | Create | Villager (Male) |
| 3:08 | Create | Villager (Male) |
| 3:23 | Create | Villager (Male) |
| 3:43 | Build | Mill |
| 3:54 | Build | Palisade Gate |
| 4:00 | Create | Villager (Male) |
| 4:09 | Create | Archer |
| 4:09 | Create | Archer |
| 4:14 | Build | Farm |
| 4:23 | Build | House |
| 4:25 | Build | House |
| 4:27 | Build | House |
| 4:28 | Build | House |
| 4:31 | Build | House |
| 4:37 | Create | Villager (Male) |
| 4:43 | Build | Mining Camp |
| 4:48 | Build | House |
| 4:50 | Build | House |
| 4:53 | Build | House |
| 4:54 | Build | House |
| 4:57 | Build | House |
| 4:58 | Build | House |
| 5:02 | Research | Castle Age |
| 5:02 | Research | Castle Age |
| 5:37 | Research | Fletching |
| 5:38 | Research | Fletching |
| 6:15 | Research | Stone Mining |
| 6:15 | Research | Stone Mining |
| 6:32 | Build | Farm |
| 6:33 | Build | Farm |
| 6:41 | Build | Farm |
| 6:43 | Build | Farm |
| 6:55 | Research | Padded Archer Armor |
| 6:55 | Research | Padded Archer Armor |
| 7:16 | Build | House |
| 7:18 | Build | House |
| 7:19 | Build | House |
| 7:39 | Build | House |
| 7:42 | Age | Castle Age |
| 7:44 | Create | Villager (Male) |
| 7:47 | Research | Bodkin Arrow |
| 7:47 | Research | Bodkin Arrow |
| 8:09 | Create | Villager (Male) |
| 8:12 | Build | Farm |
| 8:20 | Build | Town Center |
| 8:37 | Create | Archer |
| 8:48 | Create | Villager (Male) |
| 9:05 | Create | Villager (Male) |
| 9:34 | Create | Villager (Male) |
Build order — WES
41 actions detected in the replay
| 0:33 | Create | Villager (Male) ×5 |
| 0:33 | Create | Villager (Male) ×5 |
| 1:41 | Build | House |
| 1:42 | Build | House |
| 1:45 | Build | House |
| 1:46 | Build | House |
| 2:18 | Build | Mill |
| 2:24 | Research | Scale Barding Armor |
| 2:29 | Research | Gold Mining |
| 2:30 | Research | Stone Mining |
| 2:38 | Research | Double-Bit Axe |
| 3:06 | Build | Stable |
| 3:07 | Build | Stable |
| 4:11 | Create | Scout Cavalry |
| 4:11 | Create | Scout Cavalry |
| 4:12 | Create | Scout Cavalry |
| 4:12 | Create | Scout Cavalry |
| 4:12 | Create | Scout Cavalry |
| 4:31 | Build | Stone Wall |
| 4:42 | Build | Stone Wall |
| 5:12 | Build | Watch Tower |
| 5:14 | Build | Watch Tower |
| 5:45 | Build | Archery Range |
| 5:46 | Build | Archery Range |
| 6:45 | Create | Archer |
| 6:45 | Create | Archer |
| 6:46 | Create | Archer |
| 6:46 | Create | Archer |
| 6:46 | Create | Archer |
| 6:46 | Create | Archer |
| 6:47 | Create | Archer |
| 6:47 | Create | Archer |
| 6:48 | Create | Archer |
| 6:48 | Create | Archer |
| 6:48 | Create | Archer |
| 6:48 | Create | Archer |
| 6:49 | Create | Archer |
| 6:49 | Create | Archer |
| 8:13 | Build | Stable |
| 8:13 | Build | Stable |
| 8:18 | Build | Stable |
Match timeline
| 0:35 | pacalao55 · first_building Barracks |
| 0:45 | almittas · first_building Archery Range |
| 1:25 | 阿根廷彭于晏 · wall_segment Palisade Wall x2 |
| 1:28 | 阿根廷彭于晏 · wall_segment Palisade Wall x1 |
| 1:32 | 阿根廷彭于晏 · wall_segment Palisade Wall x1 |
| 1:37 | pacalao55 · wall_segment Palisade Wall x13 |
| 1:43 | 阿根廷彭于晏 · first_building Archery Range |
| 2:21 | 阿根廷彭于晏 · wall_segment Palisade Wall x4 |
| 2:45 | pacalao55 · wall_segment Palisade Wall x13 |
| 3:06 | WES · first_building Stable |
| 3:21 | pacalao55 · wall_segment Palisade Wall x10 |
| 3:58 | pajw734 · first_building Stable |
| 4:31 | WES · wall_segment Stone Wall x10 |
| 4:42 | WES · wall_segment Stone Wall x14 |
| 5:37 | almittas · wall_segment Palisade Wall x1 |
| 5:45 | WES · first_building Archery Range |
| 7:42 | 阿根廷彭于晏 · age_up castle |
| 8:27 | pacalao55 · first_market_sell 100 wood |
| 8:28 | pacalao55 · first_market_buy 100 food |
| 9:09 | friend · age_up castle |
| 9:26 | WES · resign |
[ AI ANALYSIS · 1 CREDIT ]
What really happened in this match?
Wolo.gg analyzes every decision: build order, eco, micro, common mistakes by bracket. Personalized analysis on WhatsApp or Discord in 30 seconds.
Civ guide
Ethiopians
Map guide
Morass
Perfil
Jugador #603396